 Dungeon Crawl Stone Soup version 0.29-a0-598-gd8304a5bf4 (webtiles) character file.

Game seed: 1027510882250271254

57 testman the Skirmisher (level 4, 0/40 HPs)
             Began as a Meteoran Fighter on June 15, 2022.
             Was a Plaything of Xom.
             Killed by divine providence
             ... invoked by an orc priest
              (16 damage)
             ... on level 2 of the Dungeon.
             The game lasted 00:02:45 (725 turns).

testman the Skirmisher (Meteoran Fighter)            Turns: 725, Time: 00:02:46

Health: 0/40       AC:  7    Str: 19    XL:     4   Next: 41%
Magic:  5/5        EV:  9    Int: 10    God:    Xom [..*...]
Gold:   59         SH:  5    Dex: 13    Spells: 3/3 levels left

rFire   . . .      SeeInvis .   a - +0 war axe
rCold   . . .      Faith    .   c - +0 buckler
rNeg    . . .      Spirit   .   b - +0 scale mail
rPois   .          Reflect  .   (no helmet)
rElec   .          Harm     .   (no cloak)
rCorr   .          Rampage  .   (no gloves)
Will    .....                   (no boots)
Stlth   ..........              (no amulet)
HPRegen 0.13/turn               (no ring)
MPRegen 0.09/turn               (no ring)

@: hasted, glowing, very quick
A: sense surroundings 1, otherworldly, glowing, explore regen
a: Renounce Religion


You were on level 2 of the Dungeon.
You worshipped Xom.
You were a toy of Xom.
You visited 1 branch of the dungeon, and saw 2 of its levels.

You collected 59 gold pieces.

Inventory:

Hand Weapons
 a - a +0 war axe (weapon)
Missiles
 f - 6 atropa-tipped darts (quivered)
Armour
 b - a +0 scale mail (worn)
 c - a +0 buckler (worn)
Scrolls
 e - a scroll of noise {unknown}
 h - a scroll of vulnerability {unknown}
 i - 2 scrolls of identify {unknown}
 j - 2 scrolls of teleportation {unknown}
Potions
 d - 3 potions of might
 g - a potion of brilliance {unknown}


   Skills:
 + Level 4.1 Fighting
 + Level 3.6 Axes
 - Level 4.0 Armour
 - Level 4.0 Shields


You had 3 spell levels left.
You didn't know any spells.
Your spell library contained the following spells:

 Spells                   Type           Power      Damage    Failure   Level
 Blink                    Tloc           0%         N/A       91%         2
 Confusing Touch          Hex            0%         N/A       99%         3
 Manifold Assault         Tloc           0%         N/A       100%        5
 Yara's Violent Unravell  Hex/Tmut       0%         3d3       100%        5
 Enfeeble                 Hex            0%         N/A       100%        7
 Storm Form               Tmut/Air       0%         N/A       100%        7


Dungeon Overview and Level Annotations

Branches:
Dungeon (2/15) Zot: 435

Altars:
Xom


Innate Abilities, Weirdness & Mutations

You passively map a small area around you.
You are easily found by Zot.
You glow in the dark.
You regain HP and MP as you explore.


Message History

No target in view!
No target in view!
i - 2 scrolls labelled VECONAUXYU (gained 1)
d - 3 potions of might (gained 1)
You open the door.
There is an open door here.
There is a stone staircase leading down here.
You climb downwards.
There is a stone staircase leading up here.
The orc priest shouts!
The orc priest miscasts a cantrip.
You block the orc's attack.
You barely miss the orc. You hit the orc. The orc hits you but does no damage.
You block the orc's attack.
You slash the orc!
You kill the orc!
You hit the orc. Xom grants you a minor favour.
You feel yourself speed up. You block the orc's attack.
The orc priest calls down the wrath of Beogh upon you.
Pain shoots through your body!
A shower of butterflies erupts from you!
The orc priest hits your butterfly with a +0 flail!
Your butterfly dies!
Your butterfly degenerates into a cloud of primal chaos!
The orc hits you but does no damage.
You slash the orc!
You kill the orc!
You closely miss the orc priest. The orc priest misses your butterfly.
The orc priest hits you but does no damage.
You slash the orc priest!
The orc priest is severely wounded.
The orc priest hits you but does no damage.
You hit the orc priest.
The orc priest is almost dead.
You barely miss the orc priest.
The orc priest calls down the wrath of Beogh upon you.
Beogh smites you!
You die...
Xom roars with laughter!

* ..,#........# ,, ,
#.#.##.....# * , , #. #..
....#..#.## #. ,
#.##..##.#.#..#..##... , ,
#.....##.#..........##
*#..#.##.##..<....)..# ,
#####..#.##.##....†......
...#.....##...bb.........
................@b.......*
*
...........###.)oo.......
........)................
,
.......)....##.<.........
............##...........
,
............##...........
*
...........##......(.....
,
..........##..#..........
**
..........##.##....?.....
,,


You could see 2 orc priests.

Vanquished Creatures
  An adder (D:2)
  A dart slug (D:1)
  A worm (D:2)
  5 orcs
  4 ball pythons (D:1)
  2 endoplasms (D:1)
  3 giant cockroaches (D:1)
  3 goblins
  2 hobgoblins (D:1)
  3 quokkas
  3 bats (D:1)
  A frilled lizard (D:1)
  3 kobolds (D:1)
  4 rats
36 creatures vanquished.

Vanquished Creatures (others)
  A plant (D:1)
1 creature vanquished.

Grand Total: 37 creatures vanquished

Notes
Turn   | Place    | Note
-------+----------+-------------------------------------------
     0 | D:1      | testman the Meteoran Fighter began the quest for the Orb.
     0 | D:1      | Reached XP level 1. HP: 19/19 MP: 2/2
   159 | D:1      | Reached XP level 2. HP: 26/26 MP: 3/3
   377 | D:1      | Reached XP level 3. HP: 30/31 MP: 4/4
   476 | D:1      | Glimpsed the power of Zot.
   524 | D:1      | Glimpsed the power of Zot.
   561 | D:2      | Reached XP level 4. HP: 40/40 MP: 5/5
   589 | D:1      | Found a faded altar of an unknown god.
   626 | D:1      | Prayed at the altar of an unknown god.
   626 | D:1      | Became a worshipper of Xom of Chaos
   677 | D:2      | XOM: smoke on damage
   721 | D:2      | XOM: potion effect (haste)
   721 | D:2      | XOM: butterfly on damage
   725 | D:2      | Killed from afar by an orc priest

Illustrated notes

Levels and vault maps discovered:
D:1:      nagdon_arrival_double_spiral, layout_loops_corners,
          dreamdust_ecumenical_altar_grove
D:2:      cheibrodos_pilgrimage, layout_rooms, serial_shops, shop,
          kennysheep_another_room

Skill      XL: |  1  2  3  4 |
---------------+-------------+-----
Armour         | 4 |  4.0
Axes           | 3 |  3.6
Shields        | 4 |  4.0
Fighting       | 4 |  4.1

Action                   |  1- 3 |  4- 6 || total
-------------------------+-------+-------++-------
Melee: War axe           |    75 |    21 ||    96
Armor: Scale mail        |    35 |    16 ||    51
Dodge: Dodged            |    31 |    11 ||    42
Block: Buckler           |    18 |     9 ||    27

Table legend: (Time is in decaauts)
 A = Elapsed time spent in this place.
 B = Non-inter-level travel time spent in this place.
 C = Inter-level travel time spent in this place.
 D = Time resting spent in this place.
 E = Time spent auto-exploring this place.
 F = Levels seen in this place.
 G = Mean time per level.
                   A        B        C        D        E       F      G
               +--------+--------+--------+--------+--------+-----+--------+
         Total |    764 |    764 |      0 |      0 |    393 |   2 |  382.0 |
       Dungeon |    764 |    764 |      0 |      0 |    393 |   2 |  382.0 |
               +--------+--------+--------+--------+--------+-----+--------+

Top non-repeatable levels by time:
     D:1: 674 daAuts
     D:2: 89 daAuts
